SAA
LANCASTER FARMERS @ DURHAM RAPIERS
09/05/2028
 
TOP OF THE 1ST
Lancaster Farmers batting - Pitching for Durham Rapiers : RHP Lance de Valk
Pitching: RHP Lance de Valk
Batting: RHB Roberto Camacho 0-0: Ball
1-0: Swinging Strike
1-1: Called Strike
1-2: Fly out, F9 (Flyball, 89M)
Batting: RHB Alejandro Garza 0-0: Ball
1-0: Foul Ball, location: 2F
1-1: Ball
2-1: Foul Ball, location: 2F
2-2: Foul Ball, location: 2F
2-2: Foul Ball, location: 2F
2-2: SINGLE (Line Drive, 8LS)
Batting: SHB Janghyun Sam 0-0: Foul Ball, location: 2F
0-1: Ball
1-1: Grounds into double play, 4-6-3 (Groundball, 34)
Top of the 1st over - 0 run(s), 1 hit(s), 0 error(s), 0 left on base; Lancaster 0 - Durham 0
BOTTOM OF THE 1ST
Durham Rapiers batting - Pitching for Lancaster Farmers : RHP Santo Velazco
Pitching: RHP Santo Velazco
Batting: RHB António Díaz 0-0: Ball
1-0: Swinging Strike
1-1: Foul Ball, location: 2F
1-2: Ball
2-2: Foul Ball, location: 2F
2-2: SINGLE (Groundball, 56D)
Batting: RHB Jules Winnfield 0-0: Ball
António Díaz is caught stealing 2nd base
1-0: Called Strike
1-1: Foul Ball, location: 2F
1-2: Fly out, F8 (Flyball, 8LD)
Batting: RHB Guillermo Mata 0-0: Called Strike
0-1: Ball
1-1: Foul Ball, location: 2F
1-2: Strikes out swinging
Bottom of the 1st over - 0 run(s), 1 hit(s), 0 error(s), 0 left on base; Lancaster 0 - Durham 0
TOP OF THE 2ND
Lancaster Farmers batting - Pitching for Durham Rapiers : RHP Lance de Valk
Batting: SHB Javier Vega 0-0: Ground out U3 (Groundball, 3L)
Batting: LHB Carlos Germán 0-0: Swinging Strike
0-1: SINGLE (Flyball, 6MD)
Batting: RHB Danijel van Aalten 0-0: Swinging Strike
0-1: Swinging Strike
0-2: Grounds into double play, 6-4-3 (Groundball, 6)
Top of the 2nd over - 0 run(s), 1 hit(s), 0 error(s), 0 left on base; Lancaster 0 - Durham 0
BOTTOM OF THE 2ND
Durham Rapiers batting - Pitching for Lancaster Farmers : RHP Santo Velazco
Batting: RHB Vincent Klein 0-0: Ground out 4-3 (Groundball, 4)
Batting: LHB Alberto Garza 0-0: Ball
1-0: Ground out 4-3 (Groundball, 4)
Batting: RHB Dave Sienna 0-0: Ball
1-0: Called Strike
1-1: Ball
2-1: Ball
3-1: Fly out, F2 (Popup, 25)
Bottom of the 2nd over - 0 run(s), 0 hit(s), 0 error(s), 0 left on base; Lancaster 0 - Durham 0
TOP OF THE 3RD
Lancaster Farmers batting - Pitching for Durham Rapiers : RHP Lance de Valk
Batting: LHB Pancho Farías 0-0: Ball
1-0: Ball
2-0: Ball
3-0: Called Strike
3-1: Foul Ball, location: 2F
3-2: SINGLE (Line Drive, 34D)
Batting: RHB António Gonzáles 0-0: Ball
1-0: Foul Ball, location: 2F
1-1: Foul Ball, location: 2F
1-2: Grounds into double play, 6-4-3 (Groundball, 6)
Batting: SHB Robert La Caze 0-0: Ground out 4-3 (Groundball, 4)
Top of the 3rd over - 0 run(s), 1 hit(s), 0 error(s), 0 left on base; Lancaster 0 - Durham 0
BOTTOM OF THE 3RD
Durham Rapiers batting - Pitching for Lancaster Farmers : RHP Santo Velazco
Batting: LHB Davis Anderson 0-0: Ball
1-0: Foul Ball, location: 2F
1-1: Foul Ball, location: 2F
1-2: Foul Ball, location: 2F
1-2: SINGLE (Groundball, 34S) (infield hit)
Batting: SHB Carlos Chávez 0-0: Ball
1-0: Called Strike
1-1: Called Strike
1-2: Ball
2-2: Ball
3-2: Strikes out swinging
Batting: RHB Luis Martínez 0-0: Ball
1-0: Ground out 3-1 (Groundball, 34S)
Davis Anderson to second
Batting: RHB António Díaz 0-0: Called Strike
0-1: Ball
1-1: Foul Ball, location: 2F
1-2: Ball
2-2: SINGLE (Groundball, 4MS) (infield hit)
Davis Anderson to third
Batting: RHB Jules Winnfield 0-0: Ground out 3-1 (Groundball, 34)
Bottom of the 3rd over - 0 run(s), 2 hit(s), 0 error(s), 2 left on base; Lancaster 0 - Durham 0
TOP OF THE 4TH
Lancaster Farmers batting - Pitching for Durham Rapiers : RHP Lance de Valk
Batting: RHB Roberto Camacho 0-0: Ball
1-0: Ground out 5-3 (Groundball, 56)
Batting: RHB Alejandro Garza 0-0: Ball
1-0: Ball
2-0: Foul Ball, location: 2F
2-1: Foul Ball, location: 2F
2-2: Ball
3-2: Strikes out swinging
Batting: SHB Janghyun Sam 0-0: Ball
1-0: Called Strike
1-1: Ground out 4-3 (Groundball, 4)
Top of the 4th over - 0 run(s), 0 hit(s), 0 error(s), 0 left on base; Lancaster 0 - Durham 0
BOTTOM OF THE 4TH
Durham Rapiers batting - Pitching for Lancaster Farmers : RHP Santo Velazco
Batting: RHB Guillermo Mata 0-0: SINGLE (Line Drive, 89M)
Batting: RHB Vincent Klein 0-0: Ball
1-0: Swinging Strike
1-1: Ball
2-1: Ball
3-1: Called Strike
3-2: Base on Balls
Guillermo Mata to second
Batting: LHB Alberto Garza 0-0: Ball
1-0: Called Strike
1-1: Grounds into double play, 4-6-3 (Groundball, 4)
Guillermo Mata to third
Batting: RHB Dave Sienna 0-0: Fly out, F9 (Flyball, 9)
Bottom of the 4th over - 0 run(s), 1 hit(s), 0 error(s), 1 left on base; Lancaster 0 - Durham 0
TOP OF THE 5TH
Lancaster Farmers batting - Pitching for Durham Rapiers : RHP Lance de Valk
Batting: SHB Javier Vega 0-0: Called Strike
0-1: Swinging Strike
0-2: Fly out, F9 (Flyball, 9S)
Batting: LHB Carlos Germán 0-0: Fly out, F9 (Flyball, 9LS)
Batting: RHB Danijel van Aalten 0-0: Ball
1-0: Ball
2-0: Called Strike
2-1: Foul Ball, location: 2F
2-2: Strikes out swinging
Top of the 5th over - 0 run(s), 0 hit(s), 0 error(s), 0 left on base; Lancaster 0 - Durham 0
BOTTOM OF THE 5TH
Durham Rapiers batting - Pitching for Lancaster Farmers : RHP Santo Velazco
Batting: LHB Davis Anderson 0-0: Bunted foul
0-1: Ground out 4-3 (Groundball, 4)
Batting: SHB Carlos Chávez 0-0: Foul Ball, location: 2F
0-1: Ball
1-1: Ground out 4-3 (Groundball, 4D)
Batting: RHB Luis Martínez 0-0: Ball
1-0: Ground out 4-3 (Groundball, 4S)
Bottom of the 5th over - 0 run(s), 0 hit(s), 0 error(s), 0 left on base; Lancaster 0 - Durham 0
TOP OF THE 6TH
Lancaster Farmers batting - Pitching for Durham Rapiers : RHP Lance de Valk
Batting: LHB Pancho Farías 0-0: DOUBLE (Groundball, 3L)
Batting: RHB António Gonzáles 0-0: Intentional Walk
Pinch Runner at 2nd Sven Spee:
Batting: SHB Robert La Caze 0-0: Bunted foul
0-1: Bunted foul
0-2: Ball
1-2: Ball
Wild Pitch!
Sven Spee to third
António Gonzáles to second
2-2: Ball
3-2: SINGLE (Groundball, 4) (infield hit)
Sven Spee scores
António Gonzáles to third
Batting: RHB Roberto Camacho 0-0: Ball
1-0: Called Strike
1-1: Called Strike
1-2: Foul Ball, location: 2F
1-2: Foul Ball, location: 2F
1-2: Ball
2-2: Fly out, F7 (Line Drive, 78M)
Runner from 3rd tags up, SCORES, throw made
Batting: RHB Alejandro Garza 0-0: Ball
1-0: Called Strike
1-1: 2-RUN HOME RUN (Flyball, 7D), Distance : 382 ft
Batting: SHB Janghyun Sam 0-0: Ground out 3-1 (Groundball, 34)
Batting: SHB Javier Vega 0-0: Fly out, F7 (Flyball, 7S)
Top of the 6th over - 4 run(s), 3 hit(s), 0 error(s), 0 left on base; Lancaster 4 - Durham 0
BOTTOM OF THE 6TH
Durham Rapiers batting - Pitching for Lancaster Farmers : RHP Santo Velazco
Now at SS: Sven Spee
Batting: RHB António Díaz 0-0: Ball
1-0: Ball
2-0: Ground out 4-3 (Groundball, 4)
Batting: RHB Jules Winnfield 0-0: Ball
1-0: Called Strike
1-1: Swinging Strike
1-2: Ball
2-2: Foul Ball, location: 2F
2-2: Ball
3-2: Foul Ball, location: 2F
3-2: Strikes out swinging
Batting: RHB Guillermo Mata 0-0: SOLO HOME RUN (Flyball, 7D), Distance : 395 ft
Batting: RHB Vincent Klein 0-0: Fly out, F9 (Flyball, 9S)
Bottom of the 6th over - 1 run(s), 1 hit(s), 0 error(s), 0 left on base; Lancaster 4 - Durham 1
TOP OF THE 7TH
Lancaster Farmers batting - Pitching for Durham Rapiers : RHP Lance de Valk
Batting: LHB Carlos Germán 0-0: Ball
1-0: Ball
2-0: Called Strike
2-1: Ball
3-1: Called Strike
3-2: Ground out 5-3 (Groundball, 25)
Batting: RHB Danijel van Aalten 0-0: Ball
1-0: Fly out, F9 (Flyball, 9)
Batting: SHB Sven Spee 0-0: Called Strike
0-1: Ball
1-1: Ball
2-1: DOUBLE (Line Drive, 9LM)
Pitching: RHP Javier Hernández
Batting: RHB António Gonzáles 0-0: Called Strike
0-1: Ball
1-1: Swinging Strike
1-2: Strikes out swinging
Top of the 7th over - 0 run(s), 1 hit(s), 0 error(s), 1 left on base; Lancaster 4 - Durham 1
BOTTOM OF THE 7TH
Durham Rapiers batting - Pitching for Lancaster Farmers : RHP Santo Velazco
Batting: LHB Alberto Garza 0-0: Called Strike
0-1: Ball
1-1: Ball
2-1: Fly out, F9 (Line Drive, 9)
Batting: RHB Dave Sienna 0-0: Ball
1-0: Fly out, F8 (Flyball, 8LD)
Batting: LHB Davis Anderson 0-0: Ball
1-0: Ball
2-0: Ball
3-0: Base on Balls
Batting: SHB Carlos Chávez 0-0: Fielders Choice at 2nd, 5-4 (Groundball, 5L)
Bottom of the 7th over - 0 run(s), 0 hit(s), 0 error(s), 0 left on base; Lancaster 4 - Durham 1
TOP OF THE 8TH
Lancaster Farmers batting - Pitching for Durham Rapiers : RHP Javier Hernández
Batting: SHB Robert La Caze 0-0: Called Strike
0-1: Fly out, F7 (Flyball, 7)
Batting: RHB Roberto Camacho 0-0: Ball
1-0: Swinging Strike
1-1: Ball
2-1: Ground out 6-3 (Groundball, 6)
Batting: RHB Alejandro Garza 0-0: Called Strike
0-1: Foul Ball, location: 2F
0-2: Strikes out swinging
Top of the 8th over - 0 run(s), 0 hit(s), 0 error(s), 0 left on base; Lancaster 4 - Durham 1
BOTTOM OF THE 8TH
Durham Rapiers batting - Pitching for Lancaster Farmers : RHP Santo Velazco
Batting: RHB Luis Martínez 0-0: Called Strike
0-1: Ball
1-1: Ground out 6-3 (Groundball, 6)
Batting: RHB António Díaz 0-0: Ball
1-0: Swinging Strike
1-1: Ball
2-1: Foul Ball, location: 2F
2-2: SINGLE (Flyball, 7LM)
Batting: RHB Jules Winnfield 0-0: Foul Ball, location: 2F
0-1: Foul Ball, location: 2F
0-2: Strikes out swinging
Pitching: RHP Bert Gean
Batting: RHB Guillermo Mata 0-0: Ball
1-0: Foul Ball, location: 2F
1-1: Ball
2-1: DOUBLE (Line Drive, 7D)
António Díaz to third
Pitching: RHP Alejandro López
Batting: RHB Vincent Klein 0-0: Called Strike
0-1: Fly out, F8 (Flyball, 8LXD)
Bottom of the 8th over - 0 run(s), 2 hit(s), 0 error(s), 2 left on base; Lancaster 4 - Durham 1
TOP OF THE 9TH
Lancaster Farmers batting - Pitching for Durham Rapiers : RHP Javier Hernández
Batting: SHB Janghyun Sam 0-0: Foul Ball, location: 2F
0-1: Swinging Strike
0-2: Ball
1-2: Ball
2-2: Strikes out looking
Batting: SHB Javier Vega 0-0: Ball
1-0: Foul Ball, location: 2F
1-1: Ball
2-1: Foul Ball, location: 2F
2-2: Fly out, F6 (Line Drive, 6)
Batting: LHB Carlos Germán 0-0: Ball
1-0: Called Strike
1-1: Ball
2-1: Foul Ball, location: 2F
2-2: Fly out, F7 (Flyball, 7)
Top of the 9th over - 0 run(s), 0 hit(s), 0 error(s), 0 left on base; Lancaster 4 - Durham 1
BOTTOM OF THE 9TH
Durham Rapiers batting - Pitching for Lancaster Farmers : RHP Alejandro López
Pitching: RHP Raúl Nieto
Batting: LHB Alberto Garza 0-0: Ball
1-0: Called Strike
1-1: Ball
2-1: Called Strike
2-2: Fly out, F8 (Flyball, 8RM)
Batting: RHB Dave Sienna 0-0: Ball
1-0: Ball
2-0: Called Strike
2-1: Foul Ball, location: 2F
2-2: Fly out, F2 (Popup, 23)
Batting: LHB Davis Anderson 0-0: Swinging Strike
0-1: Called Strike
0-2: Foul Ball, location: 2F
0-2: Ball
1-2: Ball
2-2: Foul Ball, location: 2F
2-2: Ball
3-2: Foul Ball, location: 2F
3-2: Ground out 2-3 (Groundball, 15S)
Bottom of the 9th over - 0 run(s), 0 hit(s), 0 error(s), 0 left on base; Lancaster 4 - Durham 1
Thursday, August 31st, 2017 - OOTP Baseball 17.12 Build 75